 Dungeon Crawl Stone Soup version 0.31.0-12-g77e489cdc1 (webtiles) character file.

Game seed: 5033092568579299255

22878 surfboardsofcanada the Fighter (level 13, -2/73 HPs)
             Began as a Vine Stalker Fighter on Mar 6, 2024.
             Was a Priest of Ru.
             Slain by a meliai
             ... wielding a +1 hand axe of venom
              (5 damage)
             ... on level 14 of the Dungeon.
             The game lasted 00:31:31 (11672 turns).

surfboardsofcanada the Fighter (VSFi)              Turns: 11672, Time: 00:31:32

Health: -2/73      AC: 21    Str: 22    XL:     13   Next: 3%
Magic:  0/34       EV: 17    Int:  8    God:    Ru [***...]
Gold:   840        SH: 10    Dex: 16    Spells: 27/27 levels left

rFire   + . .        h - +1 morningstar (protect)
rCold   + . .        G - +0 kite shield
rNeg    . . .        B - +3 swamp dragon scales
rPois   +            n - +0 helmet
rElec   .            I - scarf {rC+ rF+}
rCorr   .            (no gloves)
SInv    .            i - +0 pair of boots
Will    +....        S - amulet of regeneration
Stlth   +            l - +5 ring of evasion
HPRegen 1.92/turn    c - ring of magical power
MPRegen 0.24/turn

%: inaccuracy (-5), guardian spirit
@: lethally poisoned (-2 -> -2), under a protective aura
A: fangs 3, regeneration 1, magic shield, antimagic bite, no potion heal 2,
hated by all, no air magic, no hexes magic, no necromancy magic, missing an eye
a: Renounce Religion, Draw Out Power


You were on level 14 of the Dungeon.
You worshipped Ru.
Ru was most pleased with you.
You visited 2 branches of the dungeon, and saw 15 of its levels.
You also visited: Bailey.

You collected 890 gold pieces.
You spent 50 gold pieces at shops.

Inventory:

Hand Weapons
 a - a +2 dagger of electrocution
 h - a +1 morningstar of protection (weapon)
 P - a +5 double sword
Missiles
 q - 19 poisoned darts
 O - a curare-tipped dart (quivered)
Armour
 b - a +0 cloak
 e - an orb of wrath
 i - a +0 pair of boots (worn)
 n - a +0 helmet (worn)
 B - +3 swamp dragon scales (worn)
 G - a +0 kite shield (worn)
 I - a scarf of resistance (worn)
 L - +0 acid dragon scales
 Q - a +0 scale mail of fire resistance
Magical Staves
 A - a staff of air
Jewellery
 c - a ring of magical power (right hand)
 k - a ring of ice
 l - a +5 ring of evasion (left hand)
 w - a ring of flight
 x - a ring of willpower
 E - a ring of protection from fire
 J - a ring of fire
 S - an amulet of regeneration (around neck)
Wands
 o - a wand of paralysis (17)
 u - a wand of flame (68)
 y - a wand of polymorph (6)
 K - a wand of roots (3)
 M - a wand of light (2)
 R - a wand of digging (6)
Scrolls
 f - 3 scrolls of teleportation
 s - 2 scrolls of poison
 v - a scroll of fog
 N - 2 scrolls of revelation
Potions
 d - 3 potions of mutation
 g - 3 potions of haste
 j - 9 potions of curing
 m - a potion of heal wounds {unknown}
 p - 2 potions of attraction {unknown}
 r - 2 potions of brilliance {unknown}
 t - a potion of lignification
 z - 2 potions of ambrosia {unknown}
 C - a potion of invisibility
 D - a potion of magic
 F - a potion of berserk rage
 H - a potion of enlightenment


   Skills:
 + Level 10.9 Fighting
 + Level 10.7 Maces & Flails
 - Level 6.0 Armour
 - Level 5.0 Dodging
 + Level 6.0 Shields
 + Level 7.8 Spellcasting
 - Level 5.0 Evocations


You had 27 spell levels left.
You didn't know any spells.
Your spell library contained the following spells:

 Spells                   Type           Power      Damage    Failure   Level
 Apportation              Tloc           6%         N/A       54%         1
 Freeze                   Ice            12%        1d3       54%         1
 Magic Dart               Conj           12%        1d3       54%         1
 Sandblast                Erth           6%         2d5       54%         1
 Sting                    Conj/Alch      12%        1d3       54%         1
 Blink                    Tloc           6%         N/A       67%         2
 Frozen Ramparts          Ice            6%         1d1       88%         3
 Hailstorm                Conj/Ice       3%         3d5       88%         3
 Passwall                 Erth           3%         N/A       88%         3
 Stone Arrow              Conj/Erth      6%         3d7       88%         3
 Brom's Barrelling Bould  Conj/Erth      3%         2d3       99%         4
 Necrotise                Necr           Unusable   1d4       N/A         1
 Summon Small Mammal      Summ           Unusable   N/A       N/A         1
 Call Imp                 Summ           Unusable   N/A       N/A         2

Dungeon Overview and Level Annotations

Branches:
Dungeon (15/15)            Temple (1/1) D:4            Lair (0/5) D:9
    Orc (0/2) D:10         Bailey (visited)
 Vaults: D:13-14     Depths: D:15

Altars:
Ashenzari
Cheibriados
Dithmenos
Elyvilon
Gozag
Kikubaaqudgha
Makhleb
Nemelex Xobeh
Okawaru
Qazlal
Ru
Sif Muna
Trog
Uskayaw
Vehumet
Wu Jian
Xom
Zin
The Shining One

Shops:
D:2 ?   D:11 :

Annotations:
D:3 1 transporter
D:5 3 runed translucent doors, ThighHighIncubi's ghost, novice DsCK


Innate Abilities, Weirdness & Mutations

You have razor-sharp teeth.
Your natural rate of healing is unusually fast.
When hurt, damage is shared between your health and your magic reserves.
Your bite disrupts and absorbs the magic of your enemies.
Potions cannot restore your health.
You are hated by all.
You cannot study or cast Air magic.
You cannot study or cast Hexes magic.
You cannot study or cast Necromancy magic.
You are missing an eye, making it more difficult to aim.


Message History

The meliai is stunned by your conviction and fails to attack.
The meliai hits you but does no damage.
The meliai stings you but does no damage.
The meliai hits you but does no damage.
You are more poisoned.
You block the meliai's attack.
You hit the meliai.
The meliai is lightly wounded.
You feel very sick. You block the meliai's attack. The meliai misses you.
The meliai hits you with a +1 hand axe of venom.
The meliai stings you but does no damage.
The meliai calls down the wrath of its god upon you.
Something smites you! The meliai barely misses you. The meliai misses you. x2
The meliai stings you.
You sock the meliai! Your bite misses the meliai.
The meliai is heavily wounded.
You feel very sick. The meliai hits you but does no damage.
The meliai stings you but does no damage.
You redirect the meliai's attack!
The meliai completely misses you. The meliai closely misses you.
The meliai hits you with a +0 war axe. The meliai closely misses you.
The meliai is stunned by your conviction and fails to attack.
You miss the meliai. Your bite misses the meliai.
The meliai is heavily wounded.
You feel sick.
The meliai calls down the wrath of its god upon you.
Something smites you!
The meliai invokes the aid of its god against you.
Something smites you!
* * * LOW HITPOINT WARNING * * *
The meliai hits you with a +1 hand axe of venom!
* * * LOW HITPOINT WARNING * * *
The meliai closely misses you.
The meliai invokes the aid of its god against you.
Something smites you!
* * * LOW HITPOINT WARNING * * *
The meliai hits you with a +1 hand axe of venom!
You die...

#≈#####
#≈.....#####
#≈..~..>@y.#
.≈.~..###y##
#≈... y#
#≈.~ .# #≈#
.# # .. ##


You could see 3 meliai.

Vanquished Creatures
  2 vault guards (Bailey)
  An ogre mage (D:11)
  2 two-headed ogres
  A tengu warrior (D:15)
  A storm dragon zombie (D:15)
  Urug (D:10)
  2 ugly things (D:11)
  3 manticores
  2 cyclopes
  3 gargoyles
  A kobold demonologist (D:11)
  Maggie (D:6)
  An unseen horror (D:10)
  A tengu conjurer (D:11)
  7 trolls
  Prince Ribbit (Bailey)
  A hornet (D:9)
  Grinder (D:3)
  A slime creature (D:15)
  A culicivora (shapeshifter) (D:11)
  Eustachio (D:6)
  3 wyverns (D:9)
  A vampire (D:11)
  6 humans (Bailey)
  3 wraiths
  10 yaks
  8 vampire mosquitoes
  A basilisk (D:9)
  A steam dragon (D:8)
  2 acid dragons
  7 water moccasins
  Duvessa (D:7)
  2 black bears (D:9)
  4 ogres
  4 orc warriors
  An ice beast (D:7)
  2 wolves (D:9)
  4 boggarts (D:11)
  4 centaurs
  3 kobold brigands
  5 gnoll sergeants
  A scorpion (D:5)
  12 bullfrogs
  17 wights
  Dowan (D:7)
  10 killer bees
  2 howler monkeys
  A bombardier beetle (D:5)
  2 orc priests (D:3)
  2 jellies
  2 iguanas
  Natasha (twice) (D:3)
  10 orc wizards
  16 gnolls
  5 adders
  5 dart slugs
  2 ribbon worms (D:4)
  41 orcs
  5 endoplasms
  10 giant cockroaches
  9 goblins
  7 hobgoblins
  2 jackals (D:3)
  15 kobolds
  4 quokkas
  5 ball pythons
  4 bats
  8 frilled lizards
  6 rats
313 creatures vanquished.

Vanquished Creatures (others)
  2 two-headed ogres
  An orc warrior (D:10)
  A boggart (D:11)
  A scorpion (D:9)
  2 orc wizards
  2 gnolls (D:10)
9 creatures vanquished.

Grand Total: 322 creatures vanquished

Notes
Turn   | Place    | Note
-------+----------+-------------------------------------------
     0 | D:1      | surfboardsofcanada the Vine Stalker Fighter began the quest
                  | for the Orb.
     0 | D:1      | Reached XP level 1. HP: 11/11 MP: 2/2
    63 | D:1      | Reached XP level 2. HP: 16/16 MP: 3/3
   500 | D:1      | Reached XP level 3. HP: 19/19 MP: 4/4
   852 | D:2      | Found Ysatwe's Magic Scroll Shoppe.
   861 | D:2      | Bought a scroll of teleportation for 30 gold pieces
   861 | D:2      | Bought a scroll of identify for 20 gold pieces
  1294 | D:3      | Found a transporter.
  1336 | D:3      | Noticed an ogre
  1346 | D:3      | Killed an ogre
  1347 | D:3      | Reached XP level 4. HP: 16/24 MP: 2/5
  1347 | D:3      | Reached XP level 5. HP: 19/28 MP: 2/6
  1398 | D:3      | Found a transporter.
  1507 | D:3      | Noticed Grinder
  1519 | D:3      | Killed Grinder
  1520 | D:3      | Reached XP level 6. HP: 23/33 MP: 4/7
  1607 | D:3      | Found a hazy altar of Hepliaklqana.
  1730 | D:3      | Noticed Natasha
  1743 | D:3      | Killed Natasha
  1744 | D:3      | Reached XP level 7. HP: 37/37 MP: 6/8
  1839 | D:3      | Found a burning altar of Makhleb.
  2571 | D:3      | Noticed Natasha
  2583 | D:3      | Killed Natasha
  2675 | D:4      | Found a staircase to the Ecumenical Temple.
  2704 | Temple   | Entered the Ecumenical Temple
  2724 | Temple   | Became a worshipper of Ru the Awakened
  3402 | D:5      | Entered Level 5 of the Dungeon
  3440 | D:5      | Found a runed translucent gate.
  3440 | D:5      | Found a runed translucent gate.
  3440 | D:5      | Found a runed translucent gate.
  3442 | D:5      | Noticed ThighHighIncubi's ghost (novice DsCK)
  3644 | D:5      | Found a glowing golden altar of the Shining One.
  3664 | D:5      | Gained mutation: You are hated by all. [Ru sacrifice]
  3664 | D:5      | Reached * piety under Ru
  3681 | D:5      | Found an iron altar of Okawaru.
  4068 | D:5      | Gained mutation: You have razor-sharp teeth. [Vine Stalker
                  | growth]
  4068 | D:5      | Reached XP level 8. HP: 42/42 MP: 9/9
  4263 | D:6      | Reached skill level 5 in Fighting
  4263 | D:6      | Reached skill level 5 in Shields
  4366 | D:6      | Noticed Maggie
  4392 | D:6      | Killed Maggie
  4393 | D:6      | Reached skill level 5 in Maces & Flails
  4393 | D:6      | Reached skill level 5 in Armour
  4708 | D:6      | Noticed Eustachio
  4734 | D:6      | Killed Eustachio
  4735 | D:6      | Reached XP level 9. HP: 48/48 MP: 10/10
  5068 | D:6      | Found an opulent altar of Gozag.
  5504 | D:7      | Found a flagged portal.
  5517 | Bailey   | Entered a bailey
  5526 | Bailey   | Reached skill level 1 in Spellcasting
  5531 | Bailey   | Reached skill level 1 in Evocations
  5547 | Bailey   | Gained mutation: You cannot study or cast Air magic. [Ru
                  | sacrifice]
  5547 | Bailey   | Gained mutation: You cannot study or cast Hexes magic. [Ru
                  | sacrifice]
  5547 | Bailey   | Gained mutation: You cannot study or cast Necromancy magic.
                  | [Ru sacrifice]
  5547 | Bailey   | Reached ** piety under Ru
  5756 | Bailey   | Reached XP level 10. HP: 14/55 MP: 3/16
  5859 | Bailey   | Noticed a vault guard
  5910 | Bailey   | Killed a vault guard
  5954 | Bailey   | Noticed Prince Ribbit
  5954 | Bailey   | Noticed a vault guard
  5983 | Bailey   | Killed a vault guard
  5988 | Bailey   | Killed Prince Ribbit
  5989 | Bailey   | Reached skill level 5 in Spellcasting
  6188 | D:7      | Noticed Dowan
  6231 | D:7      | Noticed Duvessa
  6238 | D:7      | Killed Duvessa
  6241 | D:7      | Killed Dowan
  6815 | D:7      | Found a bloodstained altar of Trog.
  7286 | D:8      | Reached XP level 11. HP: 57/60 MP: 19/21
  7385 | D:8      | Found a glowing silver altar of Zin.
  7467 | D:8      | Noticed a two-headed ogre
  7474 | D:8      | Killed a two-headed ogre
  7475 | D:8      | Reached skill level 1 in Dodging
  7549 | D:8      | Gained mutation: You are missing an eye, making it more
                  | difficult to aim. [Ru sacrifice]
  7549 | D:8      | Reached *** piety under Ru
  8150 | D:9      | Reached skill level 5 in Evocations
  8179 | D:9      | Found a staircase to the Lair.
  8762 | D:10     | Entered Level 10 of the Dungeon
  8811 | D:10     | Found a white marble altar of Elyvilon.
  8940 | D:10     | Noticed a two-headed ogre
  8947 | D:10     | Killed a two-headed ogre
  9196 | D:10     | Found a staircase to the Orcish Mines.
  9617 | D:10     | Noticed Urug
  9636 | D:10     | Killed Urug
  9637 | D:10     | Reached XP level 12. HP: 26/67 MP: 11/22
  9945 | D:11     | Reached skill level 10 in Fighting
 10217 | D:11     | Noticed a two-headed ogre
 10229 | D:11     | Killed a two-headed ogre
 10304 | D:11     | Noticed an ogre mage
 10317 | D:11     | Killed an ogre mage
 10369 | D:11     | Found Sougor's Book Boutique.
 10457 | D:11     | Reached skill level 10 in Maces & Flails
 10457 | D:11     | Reached skill level 5 in Dodging
 10687 | D:11     | Noticed a two-headed ogre
 10694 | D:11     | Killed a two-headed ogre
 11482 | D:12     | You fall into a shaft and drop 3 floors!
 11482 | D:15     | Entered Level 15 of the Dungeon
 11494 | D:15     | Noticed a tengu warrior
 11545 | D:15     | Killed a tengu warrior
 11553 | D:15     | Reached XP level 13. HP: 46/73 MP: 25/25
 11672 | D:14     | HP: 3/73 [meliai/divine providence (10)]
 11672 | D:14     | Slain by a meliai

Illustrated notes

Levels and vault maps discovered:
D:1:      dpeg_arrival_fog, layout_basic
D:2:      layout_basic, serial_shops, nicolae_shop_statue_plus
D:3:      gammafunk_wand_slinger, layout_loops_cross, marbit_many_paths,
          mainiacjoe_overflow_brackets, serial_glass, glass_columns_a,
          glass_columns_b, uniq_grinder, uniq_natasha
D:4:      layout_loops_ring, temple_pool_b
D:5:      layout_cave_pods, mainiacjoe_overflow_concentric_impassable,
          mainiacjoe_overflow_six_doors_small, gammafunk_ghost_necromancy
D:6:      layout_layer_cave, nicolae_gozag_cash_rules_everything_around_me,
          kennysheep_generic_room_13, uniq_eustachio, uniq_maggie
D:7:      layout_gridville, trog_hazing_becter, enter_bailey_2, uniq_duvessa
D:8:      layout_basic, zin_academy, serial_rivers,
          chequers_serial_rivers_small_3, chequers_serial_rivers_room_b,
          chequers_serial_rivers_micro_e, chequers_serial_rivers_marsh
D:9:      layout_basic, minmay_lair_entry_grove
D:10:     layout_irregular_city, nicolae_elyvilon_peaceful_grove,
          kennysheep_orc_monster_closet_entryway, uniq_urug
D:11:     minmay_the_grid_octo_tiled_squarecenter
          [minmay_the_grid_octo_odd_swirl, minmay_the_grid_octo_focus,
          minmay_the_grid_octo_toaster, minmay_the_grid_octo_77,
          minmay_the_grid_square_5x5_megaprize_hollow,
          minmay_the_grid_square_5x5_two_walls_b,
          minmay_the_grid_square_5x5_doubleslash,
          minmay_the_grid_square_5x5_one_wall,
          minmay_the_grid_square_5x5_checkered_statues], layout_grid_maze,
          serial_shops, shop_statue
D:12:     orc_temple, layout_loops_corners
D:14:     minmay_firetagon, layout_loops_ring, serial_rivers,
          chequers_serial_rivers_micro_e, chequers_serial_rivers_small_a,
          chequers_serial_rivers_small_b, chequers_serial_rivers_small_3,
          chequers_serial_rivers_room_a, lemuel_crystal_altar,
          kennysheep_generic_room_12
D:15:     gammafunk_depths_entry_grave, layout_irregular_city,
          gammafunk_ghost_fury_of_okawaru, serial_column_ruins,
          column_ruins_square_small, column_ruins_open_small,
          column_ruins_columns_straight, column_ruins_open_small,
          column_ruins_columns_corner, column_ruins_columns_corner,
          column_ruins_grid_3, nicolae_trove_entry_path_of_doom, serial_shops,
          shop, nicolae_qazlal_eye_of_the_storm
Temple:   compressed_dpeg_circular_temple

Skill      XL: |  1  2  3  4  5  6  7  8  9 10 11 12 |
---------------+-------------------------------------+-----
Maces & Flails | 2 3 4 5 6 8 9 10 | 10.7
Shields        | 3 4 5 6 |  6.0
Fighting       | 3 4 6 7 8 9 10 | 10.9
Armour         | 3 4 5 6 |  6.0
Spellcasting   | 3 6 7 |  7.8
Evocations     | 3 4 5 |  5.0
Dodging        | 4 5 |  5.0

Action                     |  1- 3 |  4- 6 |  7- 9 | 10-12 | 13-15 || total
---------------------------+-------+-------+-------+-------+-------++-------
  Melee: Flail             |    74 |    86 |   402 |    87 |       ||   649
         Bite              |    13 |    19 |   123 |   271 |     3 ||   429
         Morningstar       |       |       |       |   949 |    12 ||   961
  Throw: Dart              |       |       |       |     7 |       ||     7
 Invoke: Sacrifice Love    |       |       |     1 |       |       ||     1
         Sacrifice Arcana  |       |       |     1 |       |       ||     1
         Sacrifice an Eye  |       |       |       |     1 |       ||     1
         Reject Sacrifices |       |       |       |     1 |       ||     1
    Use: Potion            |     1 |     1 |     2 |       |       ||     4
         Scroll            |       |       |     3 |    14 |       ||    17
   Stab: Distracted        |       |       |     1 |     4 |       ||     5
         Invisible         |       |       |     2 |     4 |       ||     6
 Armour: Scale mail        |    31 |    44 |   124 |       |       ||   199
         Swamp dragon scal |       |       |   142 |   670 |    20 ||   832
  Dodge: Dodged            |    36 |    66 |   344 |   876 |    14 ||  1336
  Block: Buckler           |    13 |    28 |   131 |   232 |       ||   404
         Kite shield       |       |       |       |   195 |     9 ||   204
